 Dungeon Crawl Stone Soup version 0.19.5 (webtiles) character file.

1474 McKennaii the Cleaver (level 8, 0/70 HPs)
             Began as a Minotaur Fighter on May 2, 2017.
             Slain by an orc
             ... wielding a +0 trident of distortion
              (1 damage)
             ... on level 5 of the Dungeon.
             The game lasted 00:09:58 (5073 turns).

McKennaii the Cleaver (Minotaur Fighter)            Turns: 5073, Time: 00:09:58

Health: 0/70       AC: 12    Str: 20    XL:     8   Next: 49%
Magic:  7/7        EV:  9    Int:  5    God:
Gold:   250        SH: 10    Dex: 13    Spells: 0 memorised, 7 levels left

rFire  . . .     SeeInvis .     a - +0 war axe
rCold  . . .     Gourm    .     b - +0 scale mail
rNeg   . . .     Faith    .     c - +0 shield
rPois  .         Spirit   .     (helmet restricted)
rElec  .         Reflect  .     l - +2 cloak
rCorr  .         Harm     .     n - +0 pair of gloves
MR     .....                    (no boots)
Stlth  ..........               (no amulet)
                                (no ring)
                                (no ring)

@: no status effects
A: retaliatory headbutt, horns 2
a: no special abilities


You were on level 5 of the Dungeon.
You were hungry.

You visited 2 branches of the dungeon, and saw 7 of its levels.

You collected 250 gold pieces.

Inventory:

Hand Weapons
 a - a +0 war axe (weapon)
Armour
 b - a +0 scale mail (worn)
 c - a +0 shield (worn)
 l - a +2 cloak (worn)
 n - a +0 pair of gloves (worn)
Wands
 s - a wand of lightning (2/15)
 t - a wand of heal wounds (2/9)
Scrolls
 e - a scroll of enchant armour {unknown}
 g - a scroll of random uselessness {unknown}
 h - 9 scrolls of identify {unknown}
 i - 2 scrolls of remove curse {unknown}
 j - 2 scrolls of recharging
 k - a scroll of fog {unknown}
 m - a scroll of teleportation
 p - a scroll of amnesia {unknown}
 q - 2 scrolls of immolation {unknown}
 y - 2 scrolls of magic mapping {unknown}
Potions
 d - a potion of might
 r - 2 potions of curing {unknown}
 u - a potion of cancellation {unknown}
 w - a potion of flight {unknown}
 x - 2 potions of brilliance {unknown}
Comestibles
 f - 3 bread rations
 o - 2 meat rations


   Skills:
 + Level 6.0 Fighting
 + Level 8.7 Axes
 + Level 6.8 Armour
 + Level 2.1 Dodging
 + Level 1.0 Stealth
 + Level 5.9 Shields


You had 7 spell levels left.
You didn't know any spells.

Dungeon Overview and Level Annotations

Branches:
Dungeon (6/15)             Temple (1/1) D:5

Altars:
Ashenzari
Cheibriados
Dithmenos
Fedhas
Kikubaaqudgha
Makhleb
Nemelex Xobeh
Qazlal
Uskayaw
Yredelemnul
The Shining One


Innate Abilities, Weirdness & Mutations

You reflexively headbutt those who attack you in melee.
You have a pair of horns on your head.


Message History

You slash the phantom!
The phantom is moderately damaged.
You completely miss the orc.
Your shield and scale mail prevent you from hitting the orc.
The orc hits you with a trident of piercing.
You block the orc's attack. You block the phantom's attack.
The phantom hits you but does no damage.
The orc hits you with a trident of piercing!
* * * LOW HITPOINT WARNING * * *
The orc hits you with a trident of distortion.
* * * LOW HITPOINT WARNING * * *
Space warps horribly around you!
* * * LOW HITPOINT WARNING * * *
The phantom blinks!
You climb upwards.
There is a stone staircase leading down here.
The orc hits you from afar with a trident of piercing.
* * * LOW HITPOINT WARNING * * *
x2 The orc hits you from afar with a trident of distortion.
You die...

..................#.#
.##########..####.#.#
.##...............#.#
.#.......###.######.#
.#............#####'###
.#....................#
.#....................#
.#######'###..o.[^....#
.).......)....o>@.....#
#...#....[).....###'###
#...#.........#.###.#
################.##.#
.......>.......#.##.#
...............#.##.#
.§.............#.##.#
..§§...........#..#.#
...............##.#.#


You could see 2 orcs.

Vanquished Creatures
  Grinder (D:3)
  The ghost of Turtleman12345 the Firebug, an amateur DgFE (D:4)
  A phantom (D:5)
  2 ogres (D:4)
  A centaur (D:5)
  A bullfrog (D:6)
  A gnoll sergeant (D:5)
  A water moccasin skeleton (D:5)
  A scorpion (D:5)
  2 crimson imps (D:5)
  5 orc wizards
  A bullfrog skeleton (D:4)
  2 worker ants
  An iguana (D:4)
  4 gnolls (D:5)
  10 adders
  2 worms
  A dart slug (D:2)
  2 leopard geckos
  5 orcs
  4 giant cockroaches
  9 goblins
  7 hobgoblins
  5 jackals
  A quokka (D:4)
  2 ball pythons
  7 bats
  4 frilled lizards
  15 kobolds
  A quokka skeleton (D:5)
  11 rats
111 creatures vanquished.

Vanquished Creatures (others)
  4 jackals (D:5)
4 creatures vanquished.

Grand Total: 115 creatures vanquished

Notes
Turn   | Place    | Note
-------+----------+-------------------------------------------
     0 | D:1      | McKennaii the Minotaur Fighter began the quest for the Orb.
     0 | D:1      | Reached XP level 1. HP: 19/19 MP: 0/0
   194 | D:1      | Reached XP level 2. HP: 27/27 MP: 1/1
   592 | D:1      | You fall through a shaft!
   819 | D:2      | Reached XP level 3. HP: 33/33 MP: 2/2
   976 | D:2      | Reached skill level 3 in Axes
  1384 | D:3      | Reached XP level 4. HP: 37/41 MP: 3/3
  1393 | D:3      | Noticed Grinder
  1399 | D:3      | Paralysed by something for 4 turns
  1406 | D:3      | HP: 2/41 [something/nerve-wracking pain (7)]
  1799 | D:3      | Found a stormy altar of Qazlal.
  2364 | D:3      | Reached skill level 4 in Axes
  2379 | D:3      | Reached XP level 5. HP: 47/47 MP: 4/4
  2466 | D:4      | Noticed Turtleman12345's ghost (amateur DgFE)
  2481 | D:4      | Killed Turtleman12345's ghost
  2481 | D:4      | Reached skill level 5 in Axes
  2481 | D:4      | Reached skill level 5 in Armour
  2481 | D:4      | Reached XP level 6. HP: 27/53 MP: 5/5
  2486 | D:4      | Reached skill level 1 in Dodging
  2766 | D:4      | Reached skill level 6 in Axes
  2770 | D:4      | Reached XP level 7. HP: 36/60 MP: 6/6
  3287 | D:4      | Reached skill level 5 in Shields
  3714 | D:3      | Paralysed by Grinder for 6 turns
  3729 | D:3      | Paralysed by Grinder for 7 turns
  3740 | D:3      | Killed Grinder
  3740 | D:3      | Reached skill level 5 in Fighting
  3740 | D:3      | Reached skill level 7 in Axes
  3740 | D:3      | Reached skill level 1 in Stealth
  3772 | D:5      | Entered Level 5 of the Dungeon
  3949 | D:5      | Reached XP level 8. HP: 58/69 MP: 7/7
  4080 | D:5      | Reached skill level 8 in Axes
  4294 | D:5      | Found a basalt altar of Yredelemnul.
  4338 | D:5      | Found a staircase to the Ecumenical Temple.
  4347 | Temple   | Entered the Ecumenical Temple
  5073 | D:5      | HP: 2/70 [orc/trident of piercing (2)]
  5073 | D:5      | Slain by an orc

Skill      XL: |  1  2  3  4  5  6  7  8 |
---------------+-------------------------+-----
Fighting       | 4 5 6 |  6.0
Armour         | 4 5 6 |  6.8
Shields        | 4 5 |  5.9
Axes           | 3 4 5 6 7 8 |  8.7
Dodging        | 1 2 |  2.1
Stealth        | 1 |  1.0

Action                   |  1- 3 |  4- 6 |  7- 9 || total
-------------------------+-------+-------+-------++-------
Melee: War axe           |    88 |    93 |   122 ||   303
       Headbutt          |    15 |    13 |    24 ||    52
  Use: Scroll            |       |     2 |       ||     2
       Potion            |       |     2 |       ||     2
  Eat: Chunk             |     1 |     3 |     6 ||    10
       Beef jerky        |       |     1 |     1 ||     2
Armor: Scale mail        |    37 |    42 |    56 ||   135
Dodge: Dodged            |    36 |    41 |    38 ||   115
Block: Shield            |    56 |    44 |    69 ||   169
